 Dungeon Crawl Stone Soup version 0.21.1-1-g345015f (webtiles) character file.

249 poirepourri the Chopper (level 5, -1/46 HPs)
             Began as a Deep Dwarf Fighter on July 21, 2018.
             Was a Follower of Makhleb.
             Killed by divine providence
             ... invoked by an orc priest
              (12 damage)
             ... on level 4 of the Dungeon.
             The game lasted 00:01:43 (1465 turns).

poirepourri the Chopper (Deep Dwarf Fighter)        Turns: 1465, Time: 00:01:43

Health: -1/46      AC:  6    Str: 19    XL:     5   Next: 87%
Magic:  5/5        EV:  7    Int: 11    God:    Makhleb [*.....]
Gold:   103        SH:  9    Dex: 13    Spells: 4/4 levels left

rFire    . . .     SeeInvis .   a - +0 war axe
rCold    . . .     Gourm    .   c - +0 shield
rNeg     . . .     Faith    .   b - +0 scale mail
rPois    .         Spirit   .   (no helmet)
rElec    .         Reflect  .   (no cloak)
rCorr    .         Harm     .   (no gloves)
MR       .....                  (no boots)
Stlth    ..........             (no amulet)
HPRegen  0.00/turn              e - +2 ring of intelligence
MPRegen  0.09/turn              (no ring)

@: non-regenerating
A: damage resistance, heal wounds, sense surroundings 1, no regeneration
a: Heal Wounds, Renounce Religion


You were on level 4 of the Dungeon.
You worshipped Makhleb.
Makhleb was aware of your devotion.
You were not hungry.

You visited 1 branch of the dungeon, and saw 4 of its levels.

You collected 103 gold pieces.

Inventory:

Hand Weapons
 a - a +0 war axe (weapon)
Missiles
 g - 5 needles of confusion
Armour
 b - a +0 scale mail (worn)
 c - a +0 shield (worn)
Jewellery
 e - a +2 ring of intelligence (left hand)
 m - an uncursed amulet of faith {unknown}
Wands
 d - a wand of iceblast (9)
Scrolls
 h - a scroll of teleportation
Potions
 i - a potion of resistance {unknown}
 j - a potion of lignification {unknown}
 k - a potion of degeneration {unknown}
 l - a potion of agility {unknown}
Comestibles
 f - 4 rations


   Skills:
 - Level 2.6 Fighting
 + Level 6.8 Axes
 - Level 3.2 Armour
 - Level 3.2 Shields


You had 4 spell levels left.
You didn't know any spells.

Dungeon Overview and Level Annotations

Branches:
Dungeon (4/15)
 Temple: D:4-7

Altars:
Elyvilon
Hepliaklqana
Makhleb
Okawaru
The Shining One

Annotations:
D:4 Ijyb


Innate Abilities, Weirdness & Mutations

You are resistant to damage.
You can heal yourself by infusing magical energy.
You passively map a small area around you.
You do not regenerate.


Message History

Found 10 bolts.
You now have 103 gold pieces (gained 10).
m - a thick cameo amulet An orc priest comes into view.
It is wielding a flail.
The orc priest shouts!
You hear a shout!
An orc priest comes into view. It is wielding a morningstar.
A kobold comes into view.
The kobold shouts!
The orc priest invokes the aid of Beogh against you.
Beogh smites you! 2 kobolds and Ijyb come into view.
The kobold shouts! x2; Ijyb shouts!
The orc priest calls down the wrath of Beogh upon you.
Beogh smites you!
* * * LOW HITPOINT WARNING * * *
An orc comes into view. It is wielding a war axe of chopping.
The orc shouts!
The orc priest calls down the wrath of Beogh upon you.
Beogh smites you!
You die...

≈ ≈ ≈ ≈≈≈....
≈≈≈ ≈ ≈≈≈.... ≈
,, .≈Kg.o.≈ ≈ ,,
...K... , , ,,
....... .oK....
#########.......
........@o......
*
..........#####.
* * ,..........#
* .........## *
* ..........# ,
* # *#######(..#
, * . #)..# ,* .
, #...# , . ,
,,, #...#* ,


You could see Ijyb, 2 orc priests, an orc and 3 kobolds.

Vanquished Creatures
  2 orc priests (D:3)
  2 orc wizards (D:3)
  2 worker ants
  4 adders
  A worm (D:3)
  2 leopard geckos
  An orc (D:3)
  A giant cockroach (D:3)
  3 goblins
  7 hobgoblins
  8 jackals
  3 kobolds
  A quokka (D:2)
  2 ball pythons
  6 bats
  5 frilled lizards
  3 rats
53 creatures vanquished.

Notes
Turn   | Place    | Note
-------+----------+-------------------------------------------
     0 | D:1      | poirepourri the Deep Dwarf Fighter began the quest for the Orb.
     0 | D:1      | Reached XP level 1. HP: 20/20 MP: 1/1
    51 | D:2      | Found an iron altar of Okawaru.
    54 | D:2      | Found a hazy altar of Hepliaklqana.
    60 | D:2      | Reached skill level 3 in Axes
    62 | D:2      | Reached XP level 2. HP: 27/27 MP: 2/2
    68 | D:2      | Found a burning altar of Makhleb.
    97 | D:2      | Became a worshipper of Makhleb the Destroyer
   364 | D:2      | Reached skill level 4 in Axes
   364 | D:2      | Reached XP level 3. HP: 19/33 MP: 3/3
   487 | D:2      | Reached XP level 4. HP: 20/40 MP: 4/4
   518 | D:2      | Reached skill level 5 in Axes
   523 | D:2      | Found a faded altar of an unknown god.
   703 | D:3      | Found an iron altar of Okawaru.
   743 | D:3      | Reached * piety under Makhleb
   859 | D:3      | Found a glowing golden altar of the Shining One.
  1002 | D:3      | Reached XP level 5. HP: 29/46 MP: 5/5
  1004 | D:3      | Reached skill level 6 in Axes
  1413 | D:4      | Found a white marble altar of Elyvilon.
  1463 | D:4      | Noticed Ijyb
  1465 | D:4      | Killed from afar by an orc priest

Skill      XL: |  1  2  3  4  5 |
---------------+----------------+-----
Axes           | 3 4 5 6 |  6.8
Fighting       | |  2.6
Armour         | |  3.2
Shields        | |  3.2

Action                   |  1- 3 |  4- 6 || total
-------------------------+-------+-------++-------
Melee: War axe           |    77 |    79 ||   156
 Abil: Heal Wounds       |       |     2 ||     2
  Use: Scroll            |     2 |       ||     2
       Potion            |       |     1 ||     1
  Eat: Ration            |       |     1 ||     1
Armor: Scale mail        |    47 |    40 ||    87
Dodge: Dodged            |    31 |    19 ||    50
Block: Shield            |    54 |    45 ||    99
